 Dungeon Crawl Stone Soup version 0.22-a0-49-g614aadd (webtiles) character file.

9522 galech the Grappler (level 11, -10/102 HPs)
             Began as a Troll Monk on Jan 8, 2018.
             Was a High Priest of Okawaru.
             Shot with an arrow by a centaur warrior (24 damage)
             ... on level 10 of the Dungeon.
             The game lasted 00:13:27 (7205 turns).

galech the Grappler (Troll Monk)                    Turns: 7205, Time: 00:13:28

Health: -10/102    AC:  6    Str: 24    XL:     11   Next: 24%
Magic:  10/10      EV: 13    Int:  6    God:    Okawaru [*****.]
Gold:   475        SH:  0    Dex: 12    Spells: 10/10 levels left

rFire    + . .     SeeInvis +     - Unarmed
rCold    . . .     Gourm    +   (no shield)
rNeg     . . .     Faith    .   a - +0 robe
rPois    .         Spirit   .   (helmet restricted)
rElec    .         Reflect  .   u - +0 cloak
rCorr    .         Harm     .   (gloves unavailable)
MR       .....                  (boots unavailable)
Stlth    ++........             (no amulet)
HPRegen  0.67/turn              B - ring of protection from fire
MPRegen  0.12/turn              C - ring of see invisible

@: about to teleport
A: large, unfitting armour, claws 3, fast metabolism 3, gourmand, regeneration
1, shaggy fur 1, tough skin 2
a: Heroism, Finesse, Renounce Religion


You were on level 10 of the Dungeon.
You worshipped Okawaru.
Okawaru was extremely pleased with you.
You were not hungry.

You visited 2 branches of the dungeon, and saw 11 of its levels.

You collected 475 gold pieces.

Inventory:

Armour
 a - a +0 robe (worn)
 u - a +0 cloak (worn)
Jewellery
 B - a ring of protection from fire (left claw)
 C - a ring of see invisible (right claw)
Wands
 c - a wand of paralysis (16)
 n - a wand of acid (13)
 w - a wand of polymorph (29)
 y - a wand of digging (14)
Scrolls
 f - 2 scrolls of immolation
 j - a scroll of identify
 m - a scroll of magic mapping {unknown}
 o - 2 scrolls of amnesia
 r - a scroll of random uselessness
 t - 4 scrolls of fog
 v - a scroll of noise
 x - 5 scrolls of blinking
 A - a scroll of teleportation
 G - a scroll of remove curse
Potions
 d - 5 potions of agility
 e - 2 potions of heal wounds {unknown}
 g - 4 potions of curing
 h - 2 potions of brilliance {unknown}
 i - 4 potions of mutation {unknown}
 k - 4 potions of haste
 l - a potion of degeneration
 q - 2 potions of flight {unknown}
 s - a potion of lignification
 z - a potion of invisibility
 E - a potion of might {unknown}
Books
 p - a book of Minor Magic

   Spells                             Type                      Level
   a - Magic Dart                     Conjuration                  1
   b - Blink                          Translocation                2
   c - Call Imp                       Summoning                    2
   d - Slow                           Hexes                        2
   e - Conjure Flame                  Conjuration/Fire             3
   f - Mephitic Cloud                 Conjuration/Poison/Air       3
 D - a book of Conjurations

   Spells                             Type                      Level
   a - Magic Dart                     Conjuration                  1
   b - Searing Ray                    Conjuration                  2
   c - Dazzling Spray                 Conjuration/Hexes            3
   d - Fulminant Prism                Conjuration/Hexes            4
   e - Force Lance                    Conjuration/Translocation    4
   f - Iskenderun's Mystic Blast      Conjuration                  4
 F - a book of Flames

   Spells                             Type                      Level
   a - Flame Tongue                   Conjuration/Fire             1
   b - Throw Flame                    Conjuration/Fire             2
   c - Conjure Flame                  Conjuration/Fire             3
   d - Inner Flame                    Hexes/Fire                   3
   e - Sticky Flame                   Conjuration/Fire             4
   f - Fireball                       Conjuration/Fire             5
Comestibles
 b - 20 rations


   Skills:
 + Level 5.1 Fighting
 + Level 6.6 Dodging
 + Level 3.9 Stealth
 + Level 13.7 Unarmed Combat
 + Level 0.3 Invocations


You had 10 spell levels left.
You didn't know any spells.

Dungeon Overview and Level Annotations

Branches:
Dungeon (10/15)            Temple (1/1) D:6            Lair (0/6) D:8
    Orc: D:9-12

Altars:
Ashenzari
Cheibriados
Dithmenos
Elyvilon
Fedhas
Gozag
Hepliaklqana
Kikubaaqudgha
Makhleb
Nemelex Xobeh
Okawaru
Ru
Sif Muna
Trog
Uskayaw
Vehumet
Wu Jian
The Shining One

Annotations:
D:9 Prince Ribbit


Innate Abilities, Weirdness & Mutations

You are too large for most types of armour.
You have claws for hands.
Your metabolism is lightning-fast.
You like to eat raw meat.
Your natural rate of healing is unusually fast.
You are covered in fur. (AC +1)
You have very tough skin. (AC +2)


Message History

You kill the yaktaur!
Okawaru accepts your kill.
You claw the worker ant!
You kill the worker ant!
Okawaru accepts your kill.
The centaur warrior shoots an arrow.
The arrow barely misses you.
The centaur warrior shoots an arrow.
The arrow hits you.
You see here an arrow.
The centaur warrior shoots an arrow.
The arrow hits you!
* * * LOW HITPOINT WARNING * * *
The centaur warrior shoots an arrow.
The arrow hits you!
* * * LOW HITPOINT WARNING * * *
You hear a bellow!
You see here 2 arrows.
As you read the scroll of teleportation, it crumbles to dust.
You feel strangely unstable.
The centaur warrior shoots an arrow.
The arrow hits you!
* * * LOW HITPOINT WARNING * * *
The centaur warrior shoots an arrow.
The arrow hits you!!
You die...

#.#........##.....#.###
#.#..#.###.#......#.#
#.#..#.# #.#......#.# #
#.####.# #.#.######.#.#
#......###.#.######.#.#
#..................)...
##########.#.#......#
#..........#
#####.@..(.# ######c#
#(# ###.########.
#...c.(......
#.###.###### .
###(###.######.
#..............
#.###c#####.###


You could see a centaur warrior.

Vanquished Creatures
  4 two-headed ogres
  The ghost of KristoblXynda the Slasher, a novice NaGl of Ashenzari (D:7)
  The ghost of KristoblXynda the Sneak, a novice NaGl of Okawaru (D:6)
  A komodo dragon (D:8)
  A yaktaur (shapeshifter) (D:10)
  The ghost of KristoblXynda the Sneak, an amateur NaGl (D:3)
  Grinder (D:5)
  A hippogriff (D:7)
  Sigmund (D:5)
  A wyvern (D:5)
  Menkaure (D:4)
  Eustachio (D:5)
  A water moccasin (D:9)
  2 ice beasts (D:9)
  A phantom (D:9)
  4 sky beasts
  4 orc warriors
  A necrophage (D:10)
  4 centaurs
  4 ogres
  3 bullfrogs
  Blork the orc (D:4)
  A wyvern zombie (D:10)
  7 scorpions
  4 killer bees (D:7)
  5 wights (D:7)
  2 howler monkeys
  5 jellies
  A centaur zombie (D:7)
  4 crimson imps
  5 hounds
  3 bullfrog zombies
  2 quasits (D:6)
  2 bullfrog skeletons
  3 orc wizards
  Crazy Yiuf (D:4)
  2 orc priests
  A centaur skeleton (D:4)
  An iguana (D:10)
  Natasha (thrice) (D:4)
  Terence (D:3)
  8 worker ants
  2 hound skeletons
  2 worker ant zombies
  9 adders
  4 gnolls
  2 shadow imps (D:6)
  8 oozes
  2 adder zombies
  3 worms (D:2)
  2 dart slugs
  2 leopard geckos
  29 orcs
  2 giant cockroaches (D:4)
  6 goblins
  2 hobgoblins (D:1)
  9 jackals
  14 kobolds
  2 quokkas
  A ball python (D:4)
  6 bats
  5 frilled lizards
  2 quokka skeletons
  2 rats
217 creatures vanquished.

Vanquished Creatures (others)
  2 plants (D:8)
  7 toadstools (D:2)
9 creatures vanquished.

Grand Total: 226 creatures vanquished

Notes
Turn   | Place    | Note
-------+----------+-------------------------------------------
     0 | D:1      | galech the Troll Monk began the quest for the Orb.
     0 | D:1      | Reached XP level 1. HP: 22/22 MP: 0/0
   433 | D:1      | Reached XP level 2. HP: 28/29 MP: 1/1
   744 | D:2      | Reached XP level 3. HP: 17/36 MP: 2/2
  1026 | D:2      | Found a blossoming altar of Fedhas.
  1176 | D:2      | Found a sacrificial altar of Ru.
  1279 | D:2      | Reached skill level 4 in Unarmed Combat
  1279 | D:2      | Reached XP level 4. HP: 39/44 MP: 3/3
  1388 | D:3      | Reached XP level 5. HP: 48/52 MP: 4/4
  1639 | D:3      | Noticed KristoblXynda's ghost (amateur NaGl)
  1650 | D:3      | Killed KristoblXynda's ghost
  1650 | D:3      | Reached skill level 5 in Unarmed Combat
  1650 | D:3      | Reached XP level 6. HP: 38/61 MP: 5/5
  1785 | D:3      | Found a snail-covered altar of Cheibriados.
  1829 | D:3      | Noticed Terence
  1842 | D:3      | Killed Terence
  2192 | D:4      | Found a sparkling altar of Nemelex Xobeh.
  2242 | D:4      | Reached skill level 6 in Unarmed Combat
  2279 | D:4      | Reached XP level 7. HP: 61/67 MP: 6/6
  2333 | D:4      | Noticed Menkaure
  2340 | D:4      | Killed Menkaure
  2414 | D:4      | Noticed Blork the orc
  2423 | D:4      | Killed Blork the orc
  2423 | D:4      | Reached skill level 7 in Unarmed Combat
  2467 | D:4      | Noticed a dagger
  2467 | D:4      | Noticed a dagger
  2469 | D:4      | Found a hide-covered altar of Uskayaw.
  2588 | D:4      | Found a runed door.
  2592 | D:4      | Noticed Crazy Yiuf
  2594 | D:4      | Killed Crazy Yiuf
  2736 | D:4      | Noticed Natasha
  2740 | D:4      | Killed Natasha
  2750 | D:4      | Noticed Natasha
  2757 | D:4      | Killed Natasha
  2780 | D:4      | Found a deep blue altar of Sif Muna.
  2826 | D:4      | Noticed Natasha
  2831 | D:4      | Killed Natasha
  2842 | D:5      | Entered Level 5 of the Dungeon
  2877 | D:5      | Noticed Grinder
  2885 | D:5      | Paralysed by Grinder for 3 turns
  2897 | D:5      | Killed Grinder
  2897 | D:5      | Reached XP level 8. HP: 30/76 MP: 7/7
  3036 | D:4      | Reached skill level 8 in Unarmed Combat
  3222 | D:5      | Noticed Sigmund
  3256 | D:5      | Killed Sigmund
  3453 | D:5      | Noticed Eustachio
  3461 | D:5      | Reached skill level 9 in Unarmed Combat
  3468 | D:5      | Killed Eustachio
  3468 | D:5      | Reached skill level 5 in Dodging
  3617 | D:5      | Reached XP level 9. HP: 80/84 MP: 8/8
  3787 | D:6      | Found a shadowy altar of Dithmenos.
  3836 | D:6      | Noticed KristoblXynda's ghost (novice NaGl)
  3871 | D:6      | Killed KristoblXynda's ghost
  3871 | D:6      | Reached skill level 10 in Unarmed Combat
  4051 | D:6      | Found a white marble altar of Elyvilon.
  4166 | D:6      | Found a staircase to the Ecumenical Temple.
  4172 | Temple   | Entered the Ecumenical Temple
  4190 | Temple   | Became a worshipper of Warmaster Okawaru
  4190 | Temple   | Reached * piety under Okawaru
  4190 | Temple   | Reached ** piety under Okawaru
  4385 | D:7      | Noticed a two-headed ogre
  4386 | D:7      | Noticed KristoblXynda's ghost (novice NaGl)
  4535 | D:7      | Killed KristoblXynda's ghost
  4535 | D:7      | Reached skill level 11 in Unarmed Combat
  4684 | D:7      | Reached XP level 10. HP: 87/94 MP: 9/9
  4743 | D:7      | Reached *** piety under Okawaru
  4764 | D:7      | Killed a two-headed ogre
  4849 | D:7      | Noticed a two-headed ogre
  4857 | D:7      | Killed a two-headed ogre
  4857 | D:7      | Reached **** piety under Okawaru
  4857 | D:7      | Reached skill level 12 in Unarmed Combat
  5281 | D:8      | Noticed a two-headed ogre
  5289 | D:8      | Killed a two-headed ogre
  5330 | D:8      | Found a burning altar of Makhleb.
  5402 | D:8      | Found a staircase to the Lair.
  5854 | D:8      | Found a bloodstained altar of Trog.
  6014 | D:8      | Reached ***** piety under Okawaru
  6014 | D:8      | Reached skill level 13 in Unarmed Combat
  6215 | D:9      | Noticed Prince Ribbit
  6393 | D:9      | Reached XP level 11. HP: 101/101 MP: 10/10
  6400 | D:9      | Found a hazy altar of Hepliaklqana.
  6740 | D:9      | Reached skill level 5 in Fighting
  6875 | D:9      | Found a bloodstained altar of Trog.
  7062 | D:10     | Entered Level 10 of the Dungeon
  7165 | D:10     | Noticed a two-headed ogre
  7168 | D:10     | Noticed a centaur warrior
  7183 | D:10     | Noticed a catoblepas
  7183 | D:10     | Killed a two-headed ogre
  7205 | D:10     | Shot with an arrow by a centaur warrior

Vault maps used:
D:1:      minmay_arrival_radiant_lines
D:2:      cheibrodos_fertilizer, hangedman_ru_absence,
          nicolae_overflow_crystal_walls
D:3:      old_standard_altar, first_ration, uniq_terence
D:4:      dancing_weapons_uskayaw, kennysheep_little_box, lemuel_crystal_altar,
          uniq_blork_the_orc, uniq_natasha, uniq_crazy_yiuf_cottage,
          uniq_menkaure
D:5:      nrook_pool_corridor, kennysheep_boxes, uniq_sigmund, uniq_eustachio,
          uniq_grinder
D:6:      old_standard_altar, elyvilon_altar_5, temple_green
D:8:      makhleb_grotto_becter, david_lair_shrubbed, basic_altar
D:9:      marbit_many_paths, lemuel_coloured_pillars_altar, grunt_ogre_cave,
          kennysheep_crisscross, minmay_strange_pillars, uniq_prince_ribbit1
D:10:     minmay_the_grid_square_5x5_3x3, david_orc_4,
          hangedman_abyss_or_decor_slice
Temple:   chequers_temple_sunken

Skill      XL: |  1  2  3  4  5  6  7  8  9 10 11 |
---------------+----------------------------------+-----
Unarmed Combat | 4 5 6 7 9 11 13 | 13.7
Dodging        | 3 4 5 6 |  6.6
Fighting       | 3 4 5 |  5.1
Stealth        | 2 3 |  3.9
Invocations    | |  0.3

Action                   |  1- 3 |  4- 6 |  7- 9 | 10-12 || total
-------------------------+-------+-------+-------+-------++-------
Melee: Unarmed           |    85 |   115 |   263 |   232 ||   695
       Punch             |     1 |     5 |     5 |     8 ||    19
Invok: Heroism           |       |       |       |     3 ||     3
  Use: Scroll            |       |       |       |    13 ||    13
 Stab: Sleeping          |     6 |     2 |     3 |     1 ||    12
       Distracted        |       |       |     1 |       ||     1
  Eat: Chunk             |    16 |    10 |    21 |    18 ||    65
Armor: Robe              |    25 |    51 |    70 |    37 ||   183
Dodge: Dodged            |    36 |    88 |   109 |   102 ||   335

Table legend:
 A = Spawn XP
 B = Non-spawn XP
 C = Spawn XP percentage of total XP
 D = Spawn monster count
 E = Non-spawn monster count
 F = Spawn count percentage of total count
 G = Total turns spent on level
                    A         B        C        D         E        F      G
               +---------+---------+-------+---------+---------+-------+---------
         Total |       0 |   13603 |   0.0 |       0 |     217 |   0.0 |  7205
               +---------+---------+-------+---------+---------+-------+---------
           D:1 |       0 |      15 |   0.0 |       0 |      10 |   0.0 |   658
           D:2 |       0 |     177 |   0.0 |       0 |      32 |   0.0 |   790
           D:3 |       0 |     445 |   0.0 |       0 |      23 |   0.0 |   700
           D:4 |       0 |     857 |   0.0 |       0 |      26 |   0.0 |   839
           D:5 |       0 |    1344 |   0.0 |       0 |      22 |   0.0 |   673
           D:6 |       0 |    1326 |   0.0 |       0 |      22 |   0.0 |   736
           D:7 |       0 |    4285 |   0.0 |       0 |      36 |   0.0 |   776
           D:8 |       0 |    2036 |   0.0 |       0 |      20 |   0.0 |   906
           D:9 |       0 |    1217 |   0.0 |       0 |      16 |   0.0 |   954
          D:10 |       0 |    1901 |   0.0 |       0 |      10 |   0.0 |   143
               +---------+---------+-------+---------+---------+-------+---------
